 Dungeon Crawl Stone Soup version 0.20-a0-9-g62d82d9 (webtiles) character file.

417 kroki the Insei (level 6, -7/48 HPs)
             Began as a Merfolk Transmuter on Nov 1, 2016.
             Mangled by Slowdrip's ghost (20 damage)
             ... on level 4 of the Dungeon.
             The game lasted 00:04:55 (4829 turns).

kroki the Insei (Merfolk Transmuter)                Turns: 4829, Time: 00:04:56

Health: -7/48      AC:  3    Str: 11    XL:     6   Next: 93%
Magic:  9/9        EV: 13    Int: 13    God:
Gold:   168        SH:  0    Dex: 15    Spells: 3 memorised, 3 levels left

rFire  . . .     SeeInvis .       - Unarmed
rCold  . . .     Gourm    .     b - +0 robe
rNeg   . . .     Faith    .     (no shield)
rPois  .         Spirit   .     l - +0 helmet
rElec  .         Reflect  .     (no cloak)
rCorr  .         Harm     .     (no gloves)
MR     .....                    (no boots)
Stlth  +.........               (no amulet)
                                (no ring)
                                (no ring)

@: no status effects
A: change form in water, swift swim, stealthy swim
a: no special abilities


You were on level 4 of the Dungeon.
You were not hungry.

You visited 1 branch of the dungeon, and saw 4 of its levels.

You collected 168 gold pieces.

Inventory:

Missiles
 a - 62 arrows
 m - 5 tomahawks (quivered)
 r - 2 throwing nets {=f, !d}
Armour
 b - a +0 robe (worn)
 l - a +0 helmet (worn)
   (You took it off Robin on level 3 of the Dungeon)
Jewellery
 s - a +3 ring of protection {unknown}
   (You found it on level 3 of the Dungeon)
Wands
 j - a wand of paralysis (4/24)
   (You took it off an orc on level 3 of the Dungeon)
Scrolls
 e - a scroll of fog
 o - 5 scrolls of identify
 v - 3 scrolls of random uselessness {unknown}
Potions
 f - a potion of mutation {!q}
 h - a potion of degeneration {!q}
 k - 2 potions of berserk rage {unknown}
 p - a potion of haste
Books
 c - a book of Changes
Comestibles
 d - 3 bread rations {@e1}
 g - 3 meat rations {@e2}
 i - a beef jerky
 n - 6 fruits
 u - a royal jelly


   Skills:
 + Level 4.2 Fighting
 - Level 2.6 Dodging
 - Level 5.0 Unarmed Combat
 - Level 2.0 Spellcasting
 - Level 4.2 Transmutations
 - Level 3.7 Poison Magic


You had 3 spell levels left.
You knew the following spells:

 Your Spells              Type           Power        Failure   Level  Hunger
a - Beastly Appendage     Tmut           ##....       6%          1    ##.....
c - Spider Form           Tmut/Pois      ##........   17%         3    ####...
s - Sticks to Snakes      Tmut           ##......     10%         2    ###....


Dungeon Overview and Level Annotations

Branches:
Dungeon (4/15)
 Temple: D:4-7

Altars:

Annotations:
D:4 Slowdrip's ghost, novice HOFi


Message History

You hit the orc priest but do no damage.
The orc priest barely misses you.
There are monsters nearby!
You hit the orc priest. The orc priest misses you.
You turn into a venomous arachnid creature.
Your +0 helmet melds into your body.
Your +0 robe melds into your body.
The orc priest hits you with a dagger.
You take 2 damage, and have 45/47 hp.
You now have 6/9 mp.
Unknown command.
You barely miss the orc priest.
The orc priest looks braver for a moment.
You hit the orc priest but do no damage.
The orc priest completely misses you.
You closely miss the orc priest. The orc priest hits you with a dagger.
You take 4 damage, and have 41/47 hp.
You hit the orc priest but do no damage.
The orc priest is poisoned.
The orc priest hits you with a dagger.
You take 5 damage, and have 36/47 hp.
You barely miss the orc priest. The orc priest closely misses you.
The orc wizard gestures wildly while chanting.
The orc wizard flickers and vanishes!
Deactivating autopickup; reactivate with Ctrl-A.
You completely miss the orc priest. The orc priest misses you.
You hit the orc priest but do no damage.
The orc priest miscasts a cantrip.
You hit the orc priest but do no damage.
The orc priest looks as sick as possible!
You kill the orc priest!
You hit the orc.
The orc is poisoned.
You hit the orc but do no damage.
Your transformation is almost over.
The orc misses you.
You hit the orc but do no damage. The orc hits you.
Slowdrip's ghost shrieks, "You will join me soon!"
You take 4 damage, and have 33/48 hp.
You barely miss the orc. The orc closely misses you.
You hit the orc.
You kill the orc!
You hit the scorpion but do no damage. The scorpion closely misses you.
You hit the scorpion.
The scorpion is poisoned.
The scorpion stings you.
You are poisoned.
The scorpion poisons you!
You take 4 damage, and have 30/48 hp.
You hit the scorpion.
The scorpion looks as sick as possible!
You feel sick.
You take 2 damage, and have 28/48 hp.
Unknown command.
You feel sick.
You kill the scorpion!
Your Fighting skill increases to level 4!
You take 1 damage, and have 27/48 hp.
You feel sick.
You take 1 damage, and have 26/48 hp.
Your transformation has ended.
Your +0 helmet unmelds from your body.
Your +0 robe unmelds from your body.
You feel sick.
Unknown command.
You feel sick.
Slowdrip's ghost hits you but does no damage.
You take 1 damage, and have 25/48 hp.
You feel sick.
You take 1 damage, and have 24/48 hp.
You feel sick.
You take 1 damage, and have 23/48 hp.
You feel sick.
You take 1 damage, and have 22/48 hp.
You feel sick.
You take 1 damage, and have 21/48 hp.
You feel sick.
You take 1 damage, and have 21/48 hp.
You feel sick.
You take 1 damage, and have 20/48 hp.
MP restored: 9 You feel sick.
You take 1 damage, and have 19/48 hp.
You feel sick.
An orc wizard appears from thin air!
Reactivating autopickup.
The orc wizard mumbles some strange words.
The orc wizard flickers and vanishes!
Deactivating autopickup; reactivate with Ctrl-A.
You feel sick.
You take 1 damage, and have 18/48 hp.
You feel sick. Slowdrip's ghost hits you!
* * * LOW HITPOINT WARNING * * *
You take 14 damage, and have 4/48 hp.
MASSIVE DAMAGE!!
You feel sick.
You take 1 damage, and have 4/48 hp.
Slowdrip's ghost whispers, "It is all a dream - a grotesque and foolish dream."
You feel sick.
You take 1 damage, and have 3/48 hp.
You feel better.
You regained 8 hp, and now have 11/48 hp.
Slowdrip's ghost closely misses you.
Unknown command.
An orc wizard appears from thin air!
Reactivating autopickup.
Unknown command.
There is an escape hatch in the ceiling here.
Slowdrip's ghost hits you!!
You die...

#.####.. ##.###o(# <......#
#. #.## ..###### #.###o# .##
#.....# .## #..#### ..# ##.o#
### .(# #...# #####.######
..## ### #..o###.....##...#
#..###.# ##.#..W@.###....###
#..#...###.....#### #.####
#..#..........### ###.#
#..#.#.###.##...# #...#
#.))...##..####.###.#.#
##.))####.## #.##..#.#
#......##.# #....##.#
##.#......#####...###.#######
##...##.....................#


You could see Slowdrip's ghost and an orc.

Vanquished Creatures
  A scorpion (D:4)
  3 orc priests
  3 orc wizards (D:4)
  An iguana (D:4)
  Terence (D:3)
  Robin (D:3)
  3 adders
  An ooze (D:3)
  An adder skeleton (D:4)
  10 orcs
  5 giant cockroaches
  20 goblins
  11 hobgoblins
  6 jackals
  5 kobolds
  2 quokkas (D:3)
  4 bats (D:2)
  8 frilled lizards
  7 rats
93 creatures vanquished.

Notes
Turn   | Place    | Note
-------+----------+-------------------------------------------
     0 | D:1      | kroki the Merfolk Transmuter began the quest for the Orb.
     0 | D:1      | Reached XP level 1. HP: 15/15 MP: 3/3
    76 | D:1      | HP: 3/15 [kobold/club (3)]
   394 | D:1      | Reached XP level 2. HP: 21/21 MP: 5/5
   505 | D:1      | Reached skill level 4 in Unarmed Combat
  1384 | D:2      | Reached XP level 3. HP: 23/26 MP: 6/6
  1791 | D:2      | Reached skill level 5 in Unarmed Combat
  2277 | D:2      | Learned a level 3 spell: Spider Form
  2325 | D:3      | Found a faded altar of an unknown god.
  2327 | D:3      | Reached skill level 3 in Transmutations
  2327 | D:3      | Reached XP level 4. HP: 32/32 MP: 7/7
  2355 | D:3      | Noticed Terence
  2480 | D:3      | Killed Terence
  2480 | D:3      | Reached skill level 4 in Transmutations
  2741 | D:3      | HP: 7/32 [goblin/stone (4)]
  3036 | D:3      | Noticed Robin
  3039 | D:3      | Reached skill level 1 in Poison Magic
  3064 | D:3      | Learned a level 2 spell: Sticks to Snakes
  3089 | D:3      | Reached XP level 5. HP: 24/37 MP: 8/8
  3103 | D:3      | Killed Robin
  3395 | D:3      | Reached skill level 2 in Poison Magic
  3560 | D:3      | Paralysed by an orc for 7 turns
  3572 | D:3      | HP: 8/37 [ooze (3)]
  3597 | D:3      | HP: 8/37 [quokka (3)]
  4057 | D:3      | Reached skill level 3 in Poison Magic
  4066 | D:3      | Reached XP level 6. HP: 27/43 MP: 6/9
  4309 | D:4      | Noticed Slowdrip's ghost (novice HOFi)
  4385 | D:4      | Reached skill level 2 in Fighting
  4530 | D:4      | Reached skill level 3 in Fighting
  4786 | D:4      | Reached skill level 4 in Fighting
  4805 | D:4      | HP: 4/48 [Slowdrip's ghost (13)]
  4812 | D:4      | HP: 3/48 [poisoned by a scorpion]
  4829 | D:4      | Mangled by Slowdrip's ghost

Vault maps used:
D:1:      lemuel_arrival_room
D:2:      minmay_hedge_maze, minmay_heptomino_h4
D:3:      kennysheep_goblin_castle, ecumenical_altar_2, due_unseen_surprise,
          uniq_terence
D:4:      serial_corexii_hall, corexii_hall_statues_deadend,
          corexii_hall_statues_l

Skill      XL: |  1  2  3  4  5  6 |
---------------+-------------------+-----
Unarmed Combat | 4 5 |  5.0
Transmutations | 3 4 |  4.2
Poison Magic   | 1 3 |  3.7
Fighting       | 4 |  4.2
Dodging        | |  2.6
Spellcasting   | |  2.0

Action                   |  1- 3 |  4- 6 || total
-------------------------+-------+-------++-------
Melee: Unarmed           |   100 |   140 ||   240
Throw: Tomahawk          |    51 |    39 ||    90
 Cast: Spider Form       |       |    10 ||    10
  Use: Scroll            |     8 |     4 ||    12
       Potion            |       |     1 ||     1
 Stab: Sleeping          |     1 |       ||     1
  Eat: Chunk             |     4 |    10 ||    14
Armor: Robe              |    18 |     6 ||    24
       Skin              |       |     8 ||     8
Dodge: Dodged            |    76 |   129 ||   205

Vault maps used:
D:1:      lemuel_arrival_room
D:2:      minmay_hedge_maze, minmay_heptomino_h4
D:3:      kennysheep_goblin_castle, ecumenical_altar_2, due_unseen_surprise,
          uniq_terence
D:4:      serial_corexii_hall, corexii_hall_statues_deadend,
          corexii_hall_statues_l

Table legend:
 A = Turns spent in this place as a percentage of turns spent in the entire game.
 B = Non-inter-level travel turns spent in this place as a percentage of non-inter-level travel turns spent in the entire game.
 C = Inter-level travel turns spent in this place as a percentage of turns spent in this place.
 D = Turns resting spent in this place as a percentage of non-inter-level travel turns spent in this place.
 E = Turns spent auto-exploring this place as a percentage of non-inter-level travel turns spent in this place.
 F = Non-inter-level travel turns spent in this place divided by the number of levels of this place that you've seen.
                   A       B       C       D       E      F
               +-------+-------+-------+-------+-------+----------------------
         Total | 100.0 | 100.0 |   0.4 |   0.3 |  12.5 | 408.8
       Dungeon | 100.0 | 100.0 |   0.4 |   0.3 |  12.5 | 408.8
               +-------+-------+-------+-------+-------+----------------------

Table legend:
 A = Kills in this place as a percentage of kills in entire the game.
 B = Kills by you in this place as a percentage of kills by you in the entire game.
 C = Kills by friends in this place as a percentage of kills by friends in the entire game.
 D = Other kills in this place as a percentage of other kills in the entire game.
 E = Experience gained in this place as a percentage of experience gained in the entire game.
 F = Experience gained in this place divided by the number of levels of this place that you have seen.
                   A       B       C       D       E      F
               +-------+-------+-------+-------+-------+----------------------
         Total | 100.0 | 100.0 |  -nan |  -nan | 100.0 | 149.2
       Dungeon | 100.0 | 100.0 |  -nan |  -nan | 100.0 | 149.2
               +-------+-------+-------+-------+-------+----------------------
